DBL
OAKLAND ATHLETICS @ ARIZONA DIAMONDBACKS
06/19/1997
 
TOP OF THE 1ST
Oakland Athletics batting - Pitching for Arizona Diamondbacks : RHP Scott Sanders
Pitching: RHP Scott Sanders
Batting: RHB Rickey Henderson 0-0: Called Strike
0-1: Called Strike
0-2: Ball
1-2: Strikes out swinging
Batting: SHB Geronimo Pena 0-0: Ball
1-0: Called Strike
1-1: Ball
2-1: Swinging Strike
2-2: Ball
3-2: Strikes out looking
Batting: LHB John Olerud 0-0: Fly out, F6 (Line Drive, 6, EV 71.3 MPH)
Top of the 1st over - 0 runs, 0 hits, 0 errors, 0 left on base; Oakland 0 - Arizona 0
BOTTOM OF THE 1ST
Arizona Diamondbacks batting - Pitching for Oakland Athletics : RHP Todd Stottlemyre
Pitching: RHP Todd Stottlemyre
Batting: LHB Delino DeShields 0-0: Ball
1-0: Ball
2-0: Called Strike
2-1: Bunt missed!
2-2: SINGLE (Groundball, 56S, EV 71.9 MPH) (infield hit)
Batting: LHB Tony Gwynn 0-0: Ball
1-0: Called Strike
1-1: DOUBLE (Line Drive, 78D, EV 103.1 MPH)
Delino DeShields to third
Batting: RHB Moises Alou 0-0: Ball
1-0: Ball
2-0: Foul Ball, location: 2F
2-1: Called Strike
2-2: Ball
3-2: Strikes out looking
Batting: LHB Mark Grace 0-0: Called Strike
0-1: Called Strike
0-2: Ball
1-2: Ball
2-2: Foul Ball, location: 2F
2-2: Strikes out swinging
Batting: RHB Lance Blankenship 0-0: Ball
1-0: Foul Ball, location: 2F
1-1: Foul Ball, location: 2F
1-2: Ball
2-2: Ball
3-2: Foul Ball, location: 2F
3-2: Foul Ball, location: 2F
3-2: Ground out 6-3 (Groundball, 6, EV 83.8 MPH)
Bottom of the 1st over - 0 runs, 2 hits, 0 errors, 2 left on base; Oakland 0 - Arizona 0
TOP OF THE 2ND
Oakland Athletics batting - Pitching for Arizona Diamondbacks : RHP Scott Sanders
Batting: RHB Jay Buhner 0-0: Ball
1-0: Called Strike
1-1: Foul Ball, location: 2F
1-2: Foul Ball, location: 2F
1-2: Ball
2-2: Strikes out swinging
Batting: RHB Herbert Perry 0-0: Ball
1-0: Fly out, F8 (Flyball, 8RXD, EV 83.1 MPH)
Batting: RHB Benito Santiago 0-0: Called Strike
0-1: Ball
1-1: Ball
2-1: Foul Ball, location: 2F
2-2: Strikes out swinging
Top of the 2nd over - 0 runs, 0 hits, 0 errors, 0 left on base; Oakland 0 - Arizona 0
BOTTOM OF THE 2ND
Arizona Diamondbacks batting - Pitching for Oakland Athletics : RHP Todd Stottlemyre
Batting: LHB Robin Ventura 0-0: Ball
1-0: SOLO HOME RUN (Flyball, 9LD, EV 101.3 MPH), Distance : 349 ft
Batting: RHB Chad Curtis 0-0: Ball
1-0: Ground out 6-3 (Groundball, 6, EV 86.3 MPH)
Batting: RHB Sandy Alomar Jr. 0-0: Ball
1-0: DOUBLE (Flyball, 89D, EV 105.6 MPH)
Batting: RHB Mike Bordick 0-0: Called Strike
0-1: Ball
1-1: Ball
2-1: Foul Ball, location: 2F
2-2: Ball
3-2: Foul Ball, location: 2F
3-2: Foul Ball, location: 2F
3-2: Base on Balls
Batting: LHB Delino DeShields 0-0: Ball
1-0: Ball
2-0: Foul Ball, location: 2F
2-1: Swinging Strike
2-2: Ball
3-2: Strikes out swinging
Batting: LHB Tony Gwynn 0-0: Ball
1-0: Ball
2-0: DOUBLE (Groundball, 3L, EV 98.1 MPH)
Sandy Alomar Jr. scores
Mike Bordick to third
Runner from 3rd tries for Home, SAFE, throw by RF to home
Batting: RHB Moises Alou 0-0: Ball
1-0: Foul Ball, location: 2F
1-1: Ball
2-1: Ball
3-1: Called Strike
3-2: Strikes out looking
Bottom of the 2nd over - 3 runs, 3 hits, 0 errors, 1 left on base; Oakland 0 - Arizona 3
TOP OF THE 3RD
Oakland Athletics batting - Pitching for Arizona Diamondbacks : RHP Scott Sanders
Batting: SHB Devon White 0-0: Ball
1-0: Called Strike
1-1: Ball
2-1: Swinging Strike
2-2: Strikes out swinging
Batting: SHB Chuck Carr 0-0: Ball
1-0: Ball
2-0: SINGLE (Groundball, 56D, EV 103.1 MPH)
Batting: RHB Benji Gil 0-0: Called Strike
Chuck Carr steals 2nd base
0-1: Ball
1-1: Foul Ball, location: 2F
1-2: Fly out, F6 (Popup, 6S, EV 70.6 MPH)
Batting: RHB Rickey Henderson 0-0: Fly out, F7 (Flyball, 7LM, EV 99.4 MPH)
Top of the 3rd over - 0 runs, 1 hit, 0 errors, 1 left on base; Oakland 0 - Arizona 3
BOTTOM OF THE 3RD
Arizona Diamondbacks batting - Pitching for Oakland Athletics : RHP Todd Stottlemyre
Batting: LHB Mark Grace 0-0: Ball
1-0: Swinging Strike
1-1: Ball
2-1: Called Strike
2-2: Foul Ball, location: 2F
2-2: SINGLE (Groundball, 34D, EV 104.4 MPH)
Batting: RHB Lance Blankenship 0-0: Sac Bunt to 25 - play at first, batter OUT! 5-3
Mark Grace to second
Batting: LHB Robin Ventura 0-0: Ball
1-0: Called Strike
1-1: Ball
2-1: Fly out, F8 (Flyball, 8RXD, EV 90.0 MPH)
Runner from 2nd tags up, SAFE at 3rd, no throw by CF
Batting: RHB Chad Curtis 0-0: Ball
1-0: Fly out, F5 (Popup, 5S, EV 82.5 MPH)
Bottom of the 3rd over - 0 runs, 1 hit, 0 errors, 1 left on base; Oakland 0 - Arizona 3
TOP OF THE 4TH
Oakland Athletics batting - Pitching for Arizona Diamondbacks : RHP Scott Sanders
Batting: SHB Geronimo Pena 0-0: Called Strike
0-1: Foul Ball, location: 2F
0-2: Strikes out swinging
Batting: LHB John Olerud 0-0: Ball
1-0: Called Strike
1-1: Called Strike
1-2: Foul Ball, location: 2F
1-2: Ball
2-2: Ball
3-2: Foul Ball, location: 2F
3-2: Base on Balls
Batting: RHB Jay Buhner 0-0: Foul Ball, location: 2F
0-1: Foul Ball, location: 2F
0-2: 2-RUN HOME RUN (Flyball, 9D, EV 92.5 MPH), Distance : 367 ft
Batting: RHB Herbert Perry 0-0: Foul Ball, location: 2F
0-1: Swinging Strike
0-2: Ball
1-2: Foul Ball, location: 2F
1-2: Strikes out looking
Batting: RHB Benito Santiago 0-0: SOLO HOME RUN (Flyball, 7D, EV 96.3 MPH), Distance : 361 ft
Batting: SHB Devon White 0-0: Called Strike
0-1: Ground out 4-3 (Groundball, 4, EV 86.3 MPH)
Top of the 4th over - 3 runs, 2 hits, 0 errors, 0 left on base; Oakland 3 - Arizona 3
BOTTOM OF THE 4TH
Arizona Diamondbacks batting - Pitching for Oakland Athletics : RHP Todd Stottlemyre
Batting: RHB Sandy Alomar Jr. 0-0: Fly out, F8 (Line Drive, 8LM, EV 91.3 MPH)
Batting: RHB Mike Bordick 0-0: SINGLE (Groundball, 4D, EV 106.9 MPH)
Batting: LHB Delino DeShields 0-0: Ball
Mike Bordick is caught stealing 2nd base 2-6
1-0: Ball
2-0: Fly out, F9 (Line Drive, 9D, EV 86.9 MPH)
Bottom of the 4th over - 0 runs, 1 hit, 0 errors, 0 left on base; Oakland 3 - Arizona 3
TOP OF THE 5TH
Oakland Athletics batting - Pitching for Arizona Diamondbacks : RHP Scott Sanders
Batting: SHB Chuck Carr 0-0: Ball
1-0: Fly out, F4 (Popup, 4S, EV 75.0 MPH)
Batting: RHB Benji Gil 0-0: Called Strike
0-1: DOUBLE (Line Drive, 9LD, EV 98.8 MPH)
Batting: RHB Rickey Henderson 0-0: Called Strike
0-1: Ball
Wild Pitch!
Benji Gil to third
1-1: Called Strike
1-2: Strikes out looking
Batting: SHB Geronimo Pena 0-0: Foul Ball, location: 2F
0-1: Foul Ball, location: 2F
0-2: Ball
1-2: Strikes out looking
Top of the 5th over - 0 runs, 1 hit, 0 errors, 1 left on base; Oakland 3 - Arizona 3
BOTTOM OF THE 5TH
Arizona Diamondbacks batting - Pitching for Oakland Athletics : RHP Todd Stottlemyre
Batting: LHB Tony Gwynn 0-0: Ball
1-0: Called Strike
1-1: Called Strike
1-2: Ball
2-2: Foul Ball, location: 2F
2-2: DOUBLE (Line Drive, 89D, EV 100.6 MPH)
Batting: RHB Moises Alou 0-0: Called Strike
0-1: Ball
1-1: Ground out 4-3 (Groundball, 4, EV 109.4 MPH)
Tony Gwynn to third
Batting: LHB Mark Grace 0-0: Called Strike
0-1: Ball
1-1: Ball
2-1: Swinging Strike
2-2: Ball
3-2: Foul Ball, location: 2F
3-2: Foul Ball, location: 2F
3-2: SINGLE (Line Drive, 89S, EV 85.6 MPH)
Tony Gwynn scores
Batting: RHB Lance Blankenship 0-0: Ball
1-0: Ball
2-0: Ball
3-0: Called Strike
3-1: Called Strike
3-2: Ground out 6-3 (Groundball, 56, EV 103.1 MPH)
Mark Grace to second
Batting: LHB Robin Ventura 0-0: Ground out 1-3 (Groundball, 34S, EV 77.5 MPH)
Bottom of the 5th over - 1 run, 2 hits, 0 errors, 1 left on base; Oakland 3 - Arizona 4
TOP OF THE 6TH
Oakland Athletics batting - Pitching for Arizona Diamondbacks : RHP Scott Sanders
Batting: LHB John Olerud 0-0: Ball
1-0: Foul Ball, location: 2F
1-1: Fly out, F8 (Flyball, 8LXD, EV 98.1 MPH)
Batting: RHB Jay Buhner 0-0: Swinging Strike
0-1: Foul Ball, location: 2F
0-2: Foul Ball, location: 2F
0-2: Ball
1-2: Ball
2-2: Foul Ball, location: 2F
2-2: Strikes out swinging
Batting: RHB Herbert Perry 0-0: Ball
1-0: Foul Ball, location: 2F
1-1: Ball
2-1: Swinging Strike
2-2: Ball
3-2: Foul Ball, location: 2F
3-2: Fly out, F8 (Flyball, 8RD, EV 86.3 MPH)
Top of the 6th over - 0 runs, 0 hits, 0 errors, 0 left on base; Oakland 3 - Arizona 4
BOTTOM OF THE 6TH
Arizona Diamondbacks batting - Pitching for Oakland Athletics : RHP Todd Stottlemyre
Batting: RHB Chad Curtis 0-0: Ball
1-0: Fly out, F7 (Flyball, 78S, EV 85.0 MPH)
Pitching: RHP Jeff C D'Amico
Batting: RHB Sandy Alomar Jr. 0-0: Ball
1-0: Ball
2-0: SINGLE (Line Drive, 78M, EV 108.1 MPH)
Batting: RHB Mike Bordick 0-0: Called Strike
Sandy Alomar Jr. steals 2nd base
0-1: Ball
1-1: Swinging Strike
1-2: Ball
2-2: Strikes out swinging
Batting: LHB Delino DeShields 0-0: Called Strike
0-1: Ball
1-1: Ground out 6-3 (Groundball, 6, EV 107.5 MPH)
Bottom of the 6th over - 0 runs, 1 hit, 0 errors, 1 left on base; Oakland 3 - Arizona 4
TOP OF THE 7TH
Oakland Athletics batting - Pitching for Arizona Diamondbacks : RHP Scott Sanders
Batting: RHB Benito Santiago 0-0: Foul Ball, location: 2F
0-1: Foul Ball, location: 2F
0-2: Foul Ball, location: 2F
0-2: Strikes out swinging
Batting: SHB Devon White 0-0: Ball
1-0: Ball
2-0: Ball
3-0: Swinging Strike
3-1: Swinging Strike
3-2: Strikes out swinging
Batting: SHB Chuck Carr 0-0: Ball
1-0: Ball
2-0: Fly out, F8 (Line Drive, 8LD, EV 90.6 MPH)
Top of the 7th over - 0 runs, 0 hits, 0 errors, 0 left on base; Oakland 3 - Arizona 4
BOTTOM OF THE 7TH
Arizona Diamondbacks batting - Pitching for Oakland Athletics : RHP Jeff C D'Amico
Batting: LHB Tony Gwynn 0-0: Called Strike
0-1: Ball
1-1: Ball
2-1: Swinging Strike
2-2: SINGLE (Groundball, 4D, EV 100.0 MPH)
Batting: RHB Moises Alou 0-0: Ball
1-0: Foul Ball, location: 2F
1-1: Called Strike
1-2: Strikes out swinging
Batting: LHB Mark Grace 0-0: Called Strike
0-1: Ball
1-1: SINGLE (Line Drive, 56D, EV 96.3 MPH)
Tony Gwynn to second
Batting: RHB Lance Blankenship 0-0: Foul Ball, location: 2F
0-1: Swinging Strike
0-2: Ball
1-2: Strikes out looking
Batting: LHB Robin Ventura 0-0: Called Strike
0-1: Ball
1-1: Swinging Strike
1-2: Foul Ball, location: 2F
1-2: Ball
2-2: Foul Ball, location: 2F
2-2: Foul Ball, location: 2F
2-2: Ball
3-2: Base on Balls
Tony Gwynn to third
Mark Grace to second
Batting: RHB Chad Curtis 0-0: Called Strike
0-1: Swinging Strike
0-2: Strikes out swinging
Bottom of the 7th over - 0 runs, 2 hits, 0 errors, 3 left on base; Oakland 3 - Arizona 4
TOP OF THE 8TH
Oakland Athletics batting - Pitching for Arizona Diamondbacks : RHP Scott Sanders
Now in RF: Butch Huskey
Batting: RHB Benji Gil 0-0: Ball
1-0: Ball
2-0: Fly out, F9 (Flyball, 9S, EV 83.1 MPH)
Pitching: RHP Kelvim Escobar
Batting: RHB Rickey Henderson 0-0: Ball
1-0: Ball
2-0: Ball
3-0: Base on Balls
Batting: SHB Geronimo Pena 0-0: Ball
1-0: Called Strike
1-1: 2-RUN HOME RUN (Line Drive, 7D, EV 103.8 MPH), Distance : 368 ft
Batting: LHB John Olerud 0-0: Ball
1-0: SOLO HOME RUN (Flyball, 89XD, EV 94.4 MPH), Distance : 403 ft
Pitching: RHP Chuck Ricci
Batting: RHB Jay Buhner 0-0: Called Strike
0-1: Fly out, F6 (Line Drive, 6, EV 66.9 MPH)
Batting: RHB Herbert Perry 0-0: Ball
1-0: Swinging Strike
1-1: Ball
2-1: Foul Ball, location: 2F
2-2: Foul Ball, location: 2F
2-2: Ground out 4-3 (Groundball, 4, EV 83.1 MPH)
Top of the 8th over - 3 runs, 2 hits, 0 errors, 0 left on base; Oakland 6 - Arizona 4
BOTTOM OF THE 8TH
Arizona Diamondbacks batting - Pitching for Oakland Athletics : RHP Jeff C D'Amico
Batting: RHB Sandy Alomar Jr. 0-0: Called Strike
0-1: Called Strike
0-2: Foul Ball, location: 2F
0-2: Strikes out swinging
Batting: RHB Mike Bordick 0-0: Called Strike
0-1: Called Strike
0-2: Ball
1-2: Ground out 1-3 (Groundball, 13, EV 92.5 MPH)
Batting: LHB Delino DeShields 0-0: Foul Ball, location: 2F
0-1: Ground out 6-3 (Groundball, 6, EV 82.5 MPH)
Bottom of the 8th over - 0 runs, 0 hits, 0 errors, 0 left on base; Oakland 6 - Arizona 4
TOP OF THE 9TH
Oakland Athletics batting - Pitching for Arizona Diamondbacks : RHP Chuck Ricci
Batting: RHB Benito Santiago 0-0: Foul Ball, location: 2F
0-1: DOUBLE (Flyball, 8LXD, EV 109.4 MPH)
Batting: SHB Devon White 0-0: Called Strike
0-1: Ball
1-1: Ball
2-1: Foul Ball, location: 2F
2-2: Foul Ball, location: 2F
2-2: Strikes out looking
Batting: SHB Chuck Carr 0-0: Intentional Walk
Batting: RHB Benji Gil 0-0: Called Strike
0-1: Fly out, F7 (Flyball, 7LS, EV 88.8 MPH)
Batting: RHB Rickey Henderson 0-0: Ball
1-0: Ball
2-0: Ball
3-0: Called Strike
3-1: Swinging Strike
3-2: Foul Ball, location: 2F
3-2: Strikes out looking
Top of the 9th over - 0 runs, 1 hit, 0 errors, 2 left on base; Oakland 6 - Arizona 4
BOTTOM OF THE 9TH
Arizona Diamondbacks batting - Pitching for Oakland Athletics : RHP Jeff C D'Amico
Pitching: RHP Jason Bere
Batting: RHB Butch Huskey 0-0: Called Strike
0-1: Foul Ball, location: 2F
0-2: Strikes out looking
Batting: RHB Moises Alou 0-0: Ball
1-0: Fly out, F7 (Flyball, 78D, EV 98.8 MPH)
Batting: LHB Mark Grace 0-0: Swinging Strike
0-1: Called Strike
0-2: Strikes out looking
Bottom of the 9th over - 0 runs, 0 hits, 0 errors, 0 left on base; Oakland 6 - Arizona 4
Friday, February 27th, 2026 - OOTP Baseball 20.8 Build 74